 Dungeon Crawl Stone Soup version 0.19-a0-1013-g40768a3 (webtiles) character file.

92 4thArraOfDagon the Firebug (level 4, -3/24 HPs)
             Began as a Deep Elf Fire Elementalist on July 24, 2016.
             Killed from afar by an orc wizard (8 damage)
             ... with a magic dart
             ... on level 5 of the Dungeon.
             The game lasted 00:03:30 (506 turns).

4thArraOfDagon the Firebug (DEFE)                    Turns: 506, Time: 00:03:30

Health: -3/24      AC:  2    Str:  5    XL:     4   Next: 35%
Magic:  4/11       EV: 13    Int: 21    God:
Gold:   19         SH:  0    Dex: 15    Spells: 3 memorised, 2 levels left

rFire  . . .     SeeInvis .     b - book of Flames
rCold  . . .     Gourm    .     a - +0 robe
rNeg   . . .     Faith    .     (no shield)
rPois  .         Spirit   .     (no helmet)
rElec  .         Dismiss  .     (no cloak)
rCorr  .         Reflect  .     (no gloves)
SustAt .         Harm     .     (no boots)
MR     .....                    (no amulet)
Stlth  ++........               (no ring)
                                (no ring)

@: slowed, very slow, not resistant to hostile enchantments, unstealthy
A: no striking features
a: no special abilities


You were on level 5 of the Dungeon.
You were not hungry.

You visited 1 branch of the dungeon, and saw 5 of its levels.

You collected 59 gold pieces.
You spent 40 gold pieces at shops.

Inventory:

Armour
 a - a +0 robe (worn)
Scrolls
 g - a scroll of fog {unknown}
 h - a scroll of magic mapping {unknown}
 j - 2 scrolls of remove curse {unknown}
Potions
 e - a potion of mutation {unknown}
 i - a potion of brilliance
 k - a potion of degeneration {unknown}
Books
 b - a book of Flames (in hand)

   Spells                             Type                      Level
   a - Flame Tongue                   Conjuration/Fire             1
   b - Throw Flame                    Conjuration/Fire             2
   c - Conjure Flame                  Conjuration/Fire             3
   d - Inner Flame                    Hexes/Fire                   3
   e - Sticky Flame                   Conjuration/Fire             4
   f - Fireball                       Conjuration/Fire             5
Comestibles
 c - 3 bread rations
 d - 2 beef jerkies
 l - 4 fruits


   Skills:
 - Level 2.4 Dodging
 - Level 2.4 Stealth
 + Level 3.6 Spellcasting
 * Level 3.1 Conjurations
 * Level 4.4 Fire Magic


You had 2 spell levels left.
You knew the following spells:

 Your Spells              Type           Power        Failure   Level  Hunger
a - Flame Tongue          Conj/Fire      ###..        2%          1    None
b - Conjure Flame         Conj/Fire      ###.....     10%         3    ###....
c - Sticky Flame          Conj/Fire      ###.....     28%         4    ####...


Dungeon Overview and Level Annotations

Branches:
Dungeon (5/15)
 Temple: D:4-7

Altars:
Qazlal

Shops:
D:4 *


Message History

Casting: Flame Tongue
Confirm with . or Enter, or press ? or * to list all spells.
Aiming: Flame Tongue
Press: ? - help, Shift-Dir - straight line, f/p - orc wizard
Aim: an orc wizard, wielding a dagger and wearing a robe (severely wounded, fast)
The flame tongue hits the orc wizard.
The orc wizard appears unharmed.
The orc wizard is severely wounded.
The orc wizard hits you with a dagger.
The orc hits you from afar with a trident.
* * * LOW HITPOINT WARNING * * *
The orc wizard barely misses you. The orc barely misses you.
Unknown command.
Unknown command.
Unknown command.
It was a potion of cure mutation.
It has a very clean taste.
The orc wizard mumbles some strange words.
The orc wizard blinks!
The orc wizard points at you and mumbles some strange words.
The magic dart hits you!
You die...

##.#####...# ...
.....$....####w#.#.#.
#...........ooZ......
#..#.####<##.#.#.#.#$
#..#.####.##[#..#
#...Zo.o..Zo.....o
#...#o###..##.#..###
## #ยง# #.###.#...
#@# #.# #.##o## #.#
#.# #.# .# ... ...
... # #.####.# .# #.#
.o #. #


You could see an orc priest, an orc wizard, an orc and a giant gecko zombie.

Vanquished Creatures
  A scorpion (D:4)
  2 adders
  A dart slug (D:1)
  2 giant geckos
  An orc (D:5)
  A giant cockroach (D:2)
  2 goblins
  A hobgoblin (D:3)
  3 jackals (D:4)
  2 bats
  2 kobolds
  A rat (D:2)
19 creatures vanquished.

Notes
Turn   | Place    | Note
-------+----------+-------------------------------------------
     0 | D:1      | 4thArraOfDagon the Deep Elf Fire Elementalist began the quest for the Orb.
     0 | D:1      | Reached XP level 1. HP: 10/10 MP: 6/6
    93 | D:3      | Reached XP level 2. HP: 13/15 MP: 0/8
   210 | D:4      | Noticed a scorpion
   245 | D:4      | Killed a scorpion
   245 | D:4      | Reached skill level 4 in Fire Magic
   245 | D:4      | Reached XP level 3. HP: 12/19 MP: 2/10
   255 | D:4      | Learned a level 3 spell: Conjure Flame
   265 | D:3      | Reached XP level 4. HP: 22/24 MP: 3/11
   335 | D:4      | Learned a level 4 spell: Sticky Flame
   345 | D:4      | Found Kuotuoh's General Store.
   349 | D:4      | Bought a potion of brilliance for 40 gold pieces
   383 | D:5      | Entered Level 5 of the Dungeon
   383 | D:5      | Noticed a phantom
   419 | D:4      | Found a stormy altar of Qazlal.
   506 | D:5      | Killed from afar by an orc wizard

Vault maps used:
D:1:      dpeg_arrival_court, minmay_tetromino_o4
D:3:      ashenzari_conservatory_becter, grunt_pakellas_basics,
          uniq_crazy_yiuf_cottage
D:4:      lemuel_crystal_altar, makhleb_grotto_becter, serial_shops,
          nicolae_shop_statue_plus, first_bread, grunt_ministairs_15,
          nicolae_qazlal_general_emergency
D:5:      elyvilon_altar_5, kiku_gazebo_garden_becter, lemuel_doored_altar,
          serial_shops, shop, st_stairs_11, uniq_eustachio

Skill      XL: |  1  2  3  4 |
---------------+-------------+-----
Conjurations   | 2 3 |  3.1
Fire Magic     | 4 |  4.4
Dodging        | |  2.4
Stealth        | |  2.4
Spellcasting   | |  3.6

Action                   |  1- 3 |  4- 6 || total
-------------------------+-------+-------++-------
 Cast: Flame Tongue      |    27 |    16 ||    43
  Use: Potion            |     1 |     2 ||     3
  Eat: Pizza             |     1 |       ||     1
Armor: Robe              |     5 |       ||     5
Dodge: Dodged            |    14 |    11 ||    25
